TOP OF THE 1ST |
Trenton Stars batting - Pitching for Allentown Hillbillies : RHP Jorge Ruíz
|
Pitching: RHP Jorge Ruíz
|
|
Batting: LHB Felipe Guerrero
|
0-0: Called Strike 0-1: Ball 1-1: Swinging Strike 1-2: Strikes out swinging
|
Batting: RHB Chris Cole
|
0-0: Ball 1-0: Ball 2-0: Foul Ball, location: 2F 2-1: Swinging Strike 2-2: Strikes out swinging
|
Batting: RHB Salvador Gonzáles
|
0-0: Ball 1-0: Ball 2-0: Called Strike 2-1: Ball 3-1: Called Strike 3-2: Foul Ball, location: 2F 3-2: Foul Ball, location: 2F 3-2: DOUBLE (Line Drive, 8RM)
|
Batting: LHB Alonzo Medine
|
0-0: Foul Ball, location: 2F 0-1: Ball 1-1: Foul Ball, location: 2F 1-2: Ball 2-2: Ground out 4-3 (Groundball, 4)
|
Top of the 1st over - 0 run(s), 1 hit(s), 0 error(s), 1 left on base; Trenton 0 - Allentown 0 |
BOTTOM OF THE 1ST |
Allentown Hillbillies batting - Pitching for Trenton Stars : RHP Ki-tong Shiu
|
Pitching: RHP Ki-tong Shiu
|
|
Batting: RHB Gustavo Ortíz
|
0-0: Ball 1-0: Foul Ball, location: 2F 1-1: Ball 2-1: Called Strike 2-2: Strikes out swinging
|
Batting: RHB Tim Gardner
|
0-0: Called Strike 0-1: Called Strike 0-2: Ball 1-2: Ground out 5-3 (Groundball, 56S)
|
Batting: RHB Jimmy Simon
|
0-0: Ball 1-0: Called Strike 1-1: Ball 2-1: Fly out, F9 (Flyball, 9D)
|
Bottom of the 1st over - 0 run(s), 0 hit(s), 0 error(s), 0 left on base; Trenton 0 - Allentown 0 |
TOP OF THE 2ND |
Trenton Stars batting - Pitching for Allentown Hillbillies : RHP Jorge Ruíz
|
Batting: LHB Alberto Gómez
|
0-0: Called Strike 0-1: Foul Ball, location: 2F 0-2: Ball 1-2: Foul Ball, location: 2F 1-2: Foul Ball, location: 2F 1-2: Ball 2-2: Foul Ball, location: 2F 2-2: Ball 3-2: Foul Ball, location: 2F 3-2: Base on Balls
|
Batting: LHB Ju-wei Shiu
|
0-0: Ball 1-0: Ball 2-0: DOUBLE (Line Drive, 7LS) Alberto Gómez to third
|
Batting: RHB Rafael Canales
|
0-0: Foul Ball, location: 2F 0-1: Swinging Strike 0-2: Fly out, F7 (Flyball, 78D) Runner from 3rd tags up, SCORES, no throw
|
Batting: RHB Jesús Dávila
|
0-0: Called Strike 0-1: Ball 1-1: Ball 2-1: Foul Ball, location: 2F 2-2: Ball 3-2: Foul Ball, location: 2F 3-2: SINGLE (Flyball, 8LS) Ju-wei Shiu to third Runner from 3rd tries for Home, SAFE, throw made home
|
Now in CF: George Knight
|
|
Batting: SHB Rafael Villa
|
0-0: Ball 1-0: Ball 2-0: Fielders Choice at 2nd, 1-6 (Groundball, 25)
|
Batting: LHB Felipe Guerrero
|
0-0: Ball 1-0: Called Strike 1-1: Foul Ball, location: 2F 1-2: Ball 2-2: Foul Ball, location: 2F 2-2: Fly out, F7 (Flyball, 7S)
|
Top of the 2nd over - 2 run(s), 2 hit(s), 0 error(s), 1 left on base; Trenton 2 - Allentown 0 |
BOTTOM OF THE 2ND |
Allentown Hillbillies batting - Pitching for Trenton Stars : RHP Ki-tong Shiu
|
Batting: SHB Oliver Deleón
|
0-0: Ball 1-0: Swinging Strike 1-1: Ball 2-1: Foul Ball, location: 2F 2-2: Foul Ball, location: 2F 2-2: SINGLE (Groundball, 34)
|
Batting: LHB George Knight
|
0-0: Called Strike 0-1: Ball 1-1: SINGLE (Line Drive, 56D) Oliver Deleón to second
|
Batting: RHB Diego Rivera
|
0-0: Ball 1-0: Ball 2-0: Foul Ball, location: 2F 2-1: Foul Ball, location: 2F 2-2: Foul Ball, location: 2F 2-2: Ball 3-2: Strikes out swinging
|
Batting: SHB Toshinobu Tanaka
|
0-0: Swinging Strike 0-1: Ball 1-1: Foul Ball, location: 2F 1-2: Strikes out swinging
|
Batting: SHB Juan Acevado
|
0-0: Ball 1-0: Called Strike 1-1: Ball 2-1: Fly out, F8 (Line Drive, 8LM)
|
Bottom of the 2nd over - 0 run(s), 2 hit(s), 0 error(s), 2 left on base; Trenton 2 - Allentown 0 |
TOP OF THE 3RD |
Trenton Stars batting - Pitching for Allentown Hillbillies : RHP Jorge Ruíz
|
Batting: RHB Chris Cole
|
0-0: Called Strike 0-1: Ball 1-1: Ball 2-1: Foul Ball, location: 2F 2-2: Foul Ball, location: 2F 2-2: Ball 3-2: Ground out 6-3 (Groundball, 6)
|
Batting: RHB Salvador Gonzáles
|
0-0: Called Strike 0-1: Called Strike 0-2: Strikes out swinging
|
Batting: LHB Alonzo Medine
|
0-0: Called Strike 0-1: Ball 1-1: Foul Ball, location: 2F 1-2: Ball 2-2: Ball 3-2: Base on Balls
|
Batting: LHB Alberto Gómez
|
0-0: Called Strike 0-1: Foul Ball, location: 2F 0-2: Ball 1-2: Strikes out swinging
|
Top of the 3rd over - 0 run(s), 0 hit(s), 0 error(s), 1 left on base; Trenton 2 - Allentown 0 |
BOTTOM OF THE 3RD |
Allentown Hillbillies batting - Pitching for Trenton Stars : RHP Ki-tong Shiu
|
Batting: RHB Joel Jackson
|
0-0: Called Strike 0-1: DOUBLE (Flyball, 78XD)
|
Batting: RHB Gustavo Ortíz
|
0-0: Ground out 5-3 (Groundball, 5L)
|
Batting: RHB Tim Gardner
|
0-0: Ball 1-0: Foul Ball, location: 2F 1-1: Ball 2-1: Foul Ball, location: 2F 2-2: Foul Ball, location: 2F 2-2: Ball 3-2: Foul Ball, location: 2F 3-2: Ground out 6-3 (Groundball, 56)
|
Batting: RHB Jimmy Simon
|
0-0: Called Strike 0-1: Called Strike 0-2: Strikes out swinging
|
Bottom of the 3rd over - 0 run(s), 1 hit(s), 0 error(s), 1 left on base; Trenton 2 - Allentown 0 |
TOP OF THE 4TH |
Trenton Stars batting - Pitching for Allentown Hillbillies : RHP Jorge Ruíz
|
Batting: LHB Ju-wei Shiu
|
0-0: Foul Ball, location: 2F 0-1: Fly out, F7 (Flyball, 78M)
|
Batting: RHB Rafael Canales
|
0-0: Ball 1-0: SINGLE (Flyball, 8RS)
|
Batting: RHB Jesús Dávila
|
0-0: Ball 1-0: Called Strike 1-1: Fly out, F2 (Popup, 2LF)
|
Batting: SHB Rafael Villa
|
0-0: Foul Ball, location: 2F 0-1: Ball 1-1: Swinging Strike 1-2: Fly out, F9 (Flyball, 9M)
|
Top of the 4th over - 0 run(s), 1 hit(s), 0 error(s), 1 left on base; Trenton 2 - Allentown 0 |
BOTTOM OF THE 4TH |
Allentown Hillbillies batting - Pitching for Trenton Stars : RHP Ki-tong Shiu
|
Batting: SHB Oliver Deleón
|
0-0: Ball 1-0: SOLO HOME RUN (Flyball, 89XD), Distance : 401 ft
|
Batting: LHB George Knight
|
0-0: Called Strike 0-1: Fly out, F4 (Popup, 89S)
|
Batting: RHB Diego Rivera
|
0-0: Called Strike 0-1: Ground out 5-3 (Groundball, 5)
|
Batting: SHB Toshinobu Tanaka
|
0-0: Ball 1-0: Swinging Strike 1-1: Ball 2-1: SINGLE (Groundball, 4MD)
|
Batting: SHB Juan Acevado
|
0-0: Ball 1-0: Called Strike 1-1: Foul Ball, location: 2F 1-2: Foul Ball, location: 2F 1-2: SINGLE (Groundball, 4MD) Toshinobu Tanaka to second
|
Batting: RHB Joel Jackson
|
0-0: Ball 1-0: Ball 2-0: Ground out 5-3 (Groundball, 5)
|
Bottom of the 4th over - 1 run(s), 3 hit(s), 0 error(s), 2 left on base; Trenton 2 - Allentown 1 |
TOP OF THE 5TH |
Trenton Stars batting - Pitching for Allentown Hillbillies : RHP Jorge Ruíz
|
Batting: LHB Felipe Guerrero
|
0-0: Ball 1-0: Ground out 5-3 (Groundball, 5D)
|
Batting: RHB Chris Cole
|
0-0: Ground out 4-3 (Groundball, 4)
|
Batting: RHB Salvador Gonzáles
|
0-0: Foul Ball, location: 2F 0-1: Fly out, F3 (Popup, 3SF)
|
Top of the 5th over - 0 run(s), 0 hit(s), 0 error(s), 0 left on base; Trenton 2 - Allentown 1 |
BOTTOM OF THE 5TH |
Allentown Hillbillies batting - Pitching for Trenton Stars : RHP Ki-tong Shiu
|
Batting: RHB Gustavo Ortíz
|
0-0: Called Strike 0-1: Reached on error, E6 (Groundball, 56)
|
Batting: RHB Tim Gardner
|
0-0: Ball 1-0: Called Strike 1-1: Ball 2-1: Fly out, F7 (Line Drive, 7D) Runner from 2nd tags up, SAFE at 3rd, no throw
|
Batting: RHB Jimmy Simon
|
0-0: Ball 1-0: Called Strike 1-1: Fly out, F3 (Popup, 3F)
|
Batting: SHB Oliver Deleón
|
0-0: Ball 1-0: Ball 2-0: SINGLE (Groundball, 34D) Gustavo Ortíz scores
|
Batting: LHB George Knight
|
0-0: Called Strike 0-1: Ball 1-1: Ground out 3-1 (Groundball, 34)
|
Bottom of the 5th over - 1 run(s), 1 hit(s), 1 error(s), 1 left on base; Trenton 2 - Allentown 2 |
TOP OF THE 6TH |
Trenton Stars batting - Pitching for Allentown Hillbillies : RHP Jorge Ruíz
|
Batting: LHB Alonzo Medine
|
0-0: Swinging Strike 0-1: Fly out, F8 (Flyball, 8RXD)
|
Batting: LHB Alberto Gómez
|
0-0: Ball 1-0: Foul Ball, location: 2F 1-1: Ball 2-1: Ball 3-1: Foul Ball, location: 2F 3-2: Foul Ball, location: 2F 3-2: Strikes out swinging
|
Batting: LHB Ju-wei Shiu
|
0-0: Ball 1-0: Foul Ball, location: 2F 1-1: Swinging Strike 1-2: Ball 2-2: Ground out 3-1 (Groundball, 34S)
|
Top of the 6th over - 0 run(s), 0 hit(s), 0 error(s), 0 left on base; Trenton 2 - Allentown 2 |
BOTTOM OF THE 6TH |
Allentown Hillbillies batting - Pitching for Trenton Stars : RHP Ki-tong Shiu
|
Batting: RHB Diego Rivera
|
0-0: Ball 1-0: Called Strike 1-1: Called Strike 1-2: Ball 2-2: Fly out, F7 (Flyball, 7D)
|
Batting: SHB Toshinobu Tanaka
|
0-0: Called Strike 0-1: Ball 1-1: Ball 2-1: Ground out 3-1 (Groundball, 34)
|
Batting: SHB Juan Acevado
|
0-0: Ball 1-0: Ball 2-0: Ball 3-0: Called Strike 3-1: DOUBLE (Line Drive, 89XD)
|
Pitching: LHP Michael Puckett
|
|
Batting: RHB Joel Jackson
|
0-0: Ball 1-0: Called Strike 1-1: Ball 2-1: Called Strike 2-2: Foul Ball, location: 2F 2-2: Foul Ball, location: 2F 2-2: Ball 3-2: Base on Balls
|
Batting: RHB Gustavo Ortíz
|
0-0: Ball 1-0: Called Strike 1-1: Ball 2-1: Swinging Strike 2-2: Ball 3-2: Base on Balls Juan Acevado to third Joel Jackson to second
|
Batting: RHB Tim Gardner
|
0-0: Called Strike 0-1: Called Strike 0-2: Ball 1-2: Foul Ball, location: 2F 1-2: Fly out, F9 (Flyball, 9S)
|
Bottom of the 6th over - 0 run(s), 1 hit(s), 0 error(s), 3 left on base; Trenton 2 - Allentown 2 |
TOP OF THE 7TH |
Trenton Stars batting - Pitching for Allentown Hillbillies : RHP Jorge Ruíz
|
Pitching: RHP Dale Downs
|
|
Batting: RHB Rafael Canales
|
0-0: Called Strike 0-1: Ball 1-1: Swinging Strike 1-2: Foul Ball, location: 2F 1-2: Ball 2-2: SINGLE (Line Drive, 6D)
|
Batting: RHB Jesús Dávila
|
0-0: Sac Bunt - play at first, batter OUT! 4-3 Rafael Canales to second
|
Batting: SHB Rafael Villa
|
0-0: Ball 1-0: Called Strike 1-1: Ball 2-1: Ball 3-1: Base on Balls
|
Batting: LHB Felipe Guerrero
|
0-0: Called Strike 0-1: Ball 1-1: Called Strike 1-2: SINGLE (Line Drive, 8LS) Rafael Canales to third Rafael Villa to second Runner from 3rd tries for Home, SAFE, throw made home Rafael Villa to third Felipe Guerrero to second
|
Batting: RHB Chris Cole
|
0-0: Foul Ball, location: 2F 0-1: Ground out 1-3 (Groundball, 13S)
|
Batting: RHB Salvador Gonzáles
|
0-0: Ball 1-0: Ball 2-0: Ball Wild Pitch! Rafael Villa scores Felipe Guerrero to third 3-0: Base on Balls
|
Batting: LHB Alonzo Medine
|
0-0: Called Strike 0-1: Ball 1-1: Ball Wild Pitch! Felipe Guerrero scores Salvador Gonzáles to second 2-1: Fly out, F9 (Flyball, 89S)
|
Top of the 7th over - 3 run(s), 2 hit(s), 0 error(s), 1 left on base; Trenton 5 - Allentown 2 |
BOTTOM OF THE 7TH |
Allentown Hillbillies batting - Pitching for Trenton Stars : LHP Michael Puckett
|
Batting: RHB Jimmy Simon
|
0-0: Called Strike 0-1: Ball 1-1: Ball 2-1: Called Strike 2-2: Foul Ball, location: 2F 2-2: DOUBLE (Groundball, 3L)
|
Batting: SHB Oliver Deleón
|
0-0: Called Strike 0-1: Foul Ball, location: 2F 0-2: Ball 1-2: Foul Ball, location: 2F 1-2: Foul Ball, location: 2F 1-2: SINGLE (Groundball, 6MD) Jimmy Simon to third
|
Batting: LHB George Knight
|
0-0: SINGLE (Groundball, 6MD) Jimmy Simon scores Oliver Deleón to second
|
Batting: RHB Diego Rivera
|
0-0: Called Strike 0-1: Ball 1-1: Ball 2-1: Ball 3-1: Base on Balls Oliver Deleón to third George Knight to second
|
Batting: SHB Toshinobu Tanaka
|
0-0: Ball 1-0: Ball 2-0: Foul Ball, location: 2F 2-1: Ball 3-1: Swinging Strike 3-2: Foul Ball, location: 2F 3-2: GRAND SLAM HOME RUN (Flyball, 7LD), Distance : 447 ft
|
Pitching: RHP Alfredo Ruíz
|
|
Batting: SHB Juan Acevado
|
0-0: Ball 1-0: Foul Ball, location: 2F 1-1: Fly out, F7 (Flyball, 78M)
|
Batting: RHB Joel Jackson
|
0-0: Ball 1-0: Ball 2-0: Ball 3-0: Reached on error, E6 (Groundball, 6M)
|
Batting: RHB Gustavo Ortíz
|
0-0: Ball 1-0: Ball 2-0: Ground out 5-3 (Groundball, 5S) Joel Jackson to second
|
Batting: RHB Tim Gardner
|
0-0: Foul Ball, location: 2F 0-1: Called Strike 0-2: Ball 1-2: Ball 2-2: SINGLE (Line Drive, 6MD) Joel Jackson to third Runner from 3rd tries for Home, SAFE, no throw or cutoff
|
Batting: RHB Jimmy Simon
|
0-0: Called Strike 0-1: Ball 1-1: Ball 2-1: Ground out 6-3 (Groundball, 6)
|
Bottom of the 7th over - 6 run(s), 5 hit(s), 1 error(s), 1 left on base; Trenton 5 - Allentown 8 |
TOP OF THE 8TH |
Trenton Stars batting - Pitching for Allentown Hillbillies : RHP Dale Downs
|
Pitching: LHP Juan Fuentes
|
|
Batting: LHB Alberto Gómez
|
0-0: Called Strike 0-1: Foul Ball, location: 2F 0-2: Foul Ball, location: 2F 0-2: Strikes out swinging
|
Batting: LHB Ju-wei Shiu
|
0-0: Called Strike 0-1: Foul Ball, location: 2F 0-2: Ball 1-2: Fly out, F2 (Popup, 25F)
|
Batting: RHB Rafael Canales
|
0-0: Ball 1-0: Ball 2-0: SINGLE (Groundball, 6D)
|
Batting: RHB Jesús Dávila
|
0-0: Ball 1-0: Called Strike 1-1: Called Strike 1-2: Strikes out swinging
|
Top of the 8th over - 0 run(s), 1 hit(s), 0 error(s), 1 left on base; Trenton 5 - Allentown 8 |
BOTTOM OF THE 8TH |
Allentown Hillbillies batting - Pitching for Trenton Stars : RHP Alfredo Ruíz
|
Pitching: RHP Jonathan Booker
|
|
Batting: SHB Oliver Deleón
|
0-0: Ball 1-0: Foul Ball, location: 2F 1-1: Ball 2-1: Called Strike 2-2: Strikes out swinging
|
Batting: LHB George Knight
|
0-0: Called Strike 0-1: SINGLE (Line Drive, 4MD)
|
Batting: RHB Diego Rivera
|
0-0: Ball 1-0: Called Strike 1-1: Ball 2-1: Foul Ball, location: 2F 2-2: Ground out 5-3 (Groundball, 5S) George Knight to second
|
Batting: SHB Toshinobu Tanaka
|
0-0: Called Strike 0-1: Foul Ball, location: 2F 0-2: Strikes out swinging
|
Bottom of the 8th over - 0 run(s), 1 hit(s), 0 error(s), 1 left on base; Trenton 5 - Allentown 8 |
TOP OF THE 9TH |
Trenton Stars batting - Pitching for Allentown Hillbillies : LHP Juan Fuentes
|
Pitching: LHP Tadao Yoshida
|
|
Batting: SHB Rafael Villa
|
0-0: Ball 1-0: Ball 2-0: Ball 3-0: Called Strike 3-1: Ground out 6-3 (Groundball, 6)
|
Batting: LHB Felipe Guerrero
|
0-0: Ball 1-0: Swinging Strike 1-1: Called Strike 1-2: Ground out 6-3 (Groundball, 6)
|
Batting: RHB Chris Cole
|
0-0: Called Strike 0-1: Called Strike 0-2: Ball 1-2: Foul Ball, location: 2F 1-2: Ball 2-2: Ground out 6-3 (Groundball, 6)
|
Top of the 9th over - 0 run(s), 0 hit(s), 0 error(s), 0 left on base; Trenton 5 - Allentown 8 |
|